PR
HICKSVILLE HOUNDS @ CROWLEY CAJUNS
06/26/2042
 
TOP OF THE 1ST
Hicksville Hounds batting - Pitching for Crowley Cajuns : RHP Kane Hallworth
Pitching: RHP Kane Hallworth
Batting: RHB Arturo Iglésias 0-0: Ball
1-0: SINGLE (Line Drive, 78M, EV 105.6 MPH)
Batting: RHB Jesús Renderos 0-0: Ball
Arturo Iglésias is caught stealing 2nd base 2-4
1-0: Ball
2-0: Ground out 3-1 (Groundball, 34, EV 104.4 MPH)
Batting: LHB Timothy Hayes 0-0: Called Strike
0-1: Foul Ball, location: 2F
0-2: Fly out, F7 (Flyball, 7S, EV 83.8 MPH)
Top of the 1st over - 0 runs, 1 hit, 0 errors, 0 left on base; Hicksville 0 - Crowley 0
BOTTOM OF THE 1ST
Crowley Cajuns batting - Pitching for Hicksville Hounds : RHP Boryenka Pospehov
Pitching: RHP Boryenka Pospehov
Batting: SHB Eduardo Fernández 0-0: Foul Ball, location: 2F
0-1: Ball
1-1: Called Strike
1-2: SOLO HOME RUN (Line Drive, 9LD, EV 103.1 MPH), Distance : 335 ft
Batting: RHB Pedro Ramos 0-0: Ball
1-0: Ball
2-0: Foul Ball, location: 2F
2-1: Ball
3-1: Ground out 4-3 (Groundball, 4M, EV 86.2 MPH)
Batting: RHB Júlio Muńóz 0-0: Ball
1-0: Ball
2-0: Fly out, F7 (Line Drive, 7, EV 98.1 MPH)
Batting: LHB Chad Proctor 0-0: Foul Ball, location: 2F
0-1: Called Strike
0-2: Ground out 4-3 (Groundball, 4, EV 88.1 MPH)
Bottom of the 1st over - 1 run, 1 hit, 0 errors, 0 left on base; Hicksville 0 - Crowley 1
TOP OF THE 2ND
Hicksville Hounds batting - Pitching for Crowley Cajuns : RHP Kane Hallworth
Batting: RHB Ramiro Rivera 0-0: Swinging Strike
0-1: Ball
1-1: Ball
2-1: Ground out 4-3 (Groundball, 34, EV 83.1 MPH)
Batting: RHB Joe Barrientez 0-0: Called Strike
0-1: Ball
1-1: Ball
2-1: Ball
3-1: Ground out 6-3 (Groundball, 56, EV 80.0 MPH)
Batting: RHB Trent Davis 0-0: Called Strike
0-1: Ball
1-1: Called Strike
1-2: Ball
2-2: SINGLE (Groundball, 4MD, EV 105.0 MPH)
Batting: RHB Martín González 0-0: Called Strike
0-1: DOUBLE (Line Drive, 89XD, EV 103.8 MPH)
Trent Davis to third
Batting: RHB Larry Thompson 0-0: SINGLE (Groundball, 5S, EV 73.1 MPH) (infield hit)
Trent Davis scores
Martín González to third
Batting: RHB Will Barr 0-0: Ball
1-0: Ball
2-0: Called Strike
2-1: Foul Ball, location: 2F
2-2: Ball
3-2: Fly out, F9 (Flyball, 9S, EV 89.4 MPH)
Top of the 2nd over - 1 run, 3 hits, 0 errors, 2 left on base; Hicksville 1 - Crowley 1
BOTTOM OF THE 2ND
Crowley Cajuns batting - Pitching for Hicksville Hounds : RHP Boryenka Pospehov
Batting: RHB Noel Bourke 0-0: Ball
1-0: SINGLE (Flyball, 56D, EV 98.1 MPH)
Batting: LHB Kun Chieu 0-0: Ball
1-0: Ball
2-0: Fly out, F8 (Flyball, 8LD, EV 93.1 MPH)
Batting: RHB Juan Jiménez 0-0: Foul Ball, location: 2F
0-1: Swinging Strike
0-2: Strikes out swinging
Batting: RHB Li-ren Ren 0-0: Hit by Pitch
Noel Bourke to second
Batting: RHB Bill Palmer 0-0: Swinging Strike
0-1: Swinging Strike
0-2: Strikes out looking
Bottom of the 2nd over - 0 runs, 1 hit, 0 errors, 2 left on base; Hicksville 1 - Crowley 1
TOP OF THE 3RD
Hicksville Hounds batting - Pitching for Crowley Cajuns : RHP Kane Hallworth
Batting: RHB Arturo Iglésias 0-0: Called Strike
0-1: Foul Ball, location: 2F
0-2: Ball
1-2: Ball
2-2: Ball
3-2: Strikes out swinging
Batting: RHB Jesús Renderos 0-0: Ball
1-0: Swinging Strike
1-1: SINGLE (Groundball, 4D, EV 106.9 MPH)
Batting: LHB Timothy Hayes 0-0: Ball
1-0: Called Strike
1-1: Ball
2-1: Ball
3-1: Foul Ball, location: 2F
3-2: DOUBLE (Line Drive, 7LM, EV 107.5 MPH)
Jesús Renderos to third
Runner from 3rd tries for Home, SAFE, throw by LF to home
Batting: RHB Ramiro Rivera 0-0: SINGLE (Line Drive, 78S, EV 105.0 MPH)
Timothy Hayes to third
Batting: RHB Joe Barrientez 0-0: Ball
1-0: Ball
2-0: Foul Ball, location: 2F
2-1: Ball
3-1: Swinging Strike
3-2: Base on Balls
Ramiro Rivera to second
Batting: RHB Trent Davis 0-0: Called Strike
0-1: Ground out 5-3 (Groundball, 56S, EV 66.2 MPH)
Timothy Hayes scores
Ramiro Rivera to third
Joe Barrientez to second
Batting: RHB Martín González 0-0: Ball
1-0: Ball
2-0: Ground out 3-1 (Groundball, 34, EV 99.4 MPH)
Top of the 3rd over - 2 runs, 3 hits, 0 errors, 2 left on base; Hicksville 3 - Crowley 1
BOTTOM OF THE 3RD
Crowley Cajuns batting - Pitching for Hicksville Hounds : RHP Boryenka Pospehov
Batting: SHB Eduardo Fernández 0-0: Called Strike
0-1: Foul Ball, location: 2F
0-2: Fly out, F8 (Line Drive, 8RM, EV 89.4 MPH)
Batting: RHB Pedro Ramos 0-0: Called Strike
0-1: Foul Ball, location: 2F
0-2: Ball
1-2: Ground out 1-3 (Groundball, 13, EV 81.2 MPH)
Batting: RHB Júlio Muńóz 0-0: Ball
1-0: Foul Ball, location: 2F
1-1: Ball
2-1: Ground out 6-3 (Groundball, 6, EV 85.6 MPH)
Bottom of the 3rd over - 0 runs, 0 hits, 0 errors, 0 left on base; Hicksville 3 - Crowley 1
TOP OF THE 4TH
Hicksville Hounds batting - Pitching for Crowley Cajuns : RHP Kane Hallworth
Batting: RHB Larry Thompson 0-0: Called Strike
0-1: Ball
1-1: Fly out, F7 (Line Drive, 7, EV 96.9 MPH)
Batting: RHB Will Barr 0-0: Ground out 6-3 (Groundball, 6, EV 89.4 MPH)
Batting: RHB Arturo Iglésias 0-0: Ball
1-0: Called Strike
1-1: Ball
2-1: Fly out, F8 (Flyball, 8LXD, EV 93.8 MPH)
Top of the 4th over - 0 runs, 0 hits, 0 errors, 0 left on base; Hicksville 3 - Crowley 1
BOTTOM OF THE 4TH
Crowley Cajuns batting - Pitching for Hicksville Hounds : RHP Boryenka Pospehov
Batting: LHB Chad Proctor 0-0: Ground out 4-3 (Groundball, 4, EV 81.9 MPH)
Batting: RHB Noel Bourke 0-0: Ball
1-0: Ball
2-0: Called Strike
2-1: Ball
3-1: Base on Balls
Batting: LHB Kun Chieu 0-0: Fielders Choice at 2nd, 4-6 (Groundball, 34, EV 85.6 MPH)
Batting: RHB Juan Jiménez 0-0: Ball
1-0: Foul Ball, location: 2F
1-1: Foul Ball, location: 2F
1-2: SINGLE (Line Drive, 9S, EV 92.5 MPH)
Kun Chieu to second
Runner from 2nd tries for 3rd, SAFE, throw by RF made to third
Batting: RHB Li-ren Ren 0-0: Ball
1-0: Foul Ball, location: 2F
1-1: Fly out, F9 (Line Drive, 9, EV 91.2 MPH)
Bottom of the 4th over - 0 runs, 1 hit, 0 errors, 2 left on base; Hicksville 3 - Crowley 1
TOP OF THE 5TH
Hicksville Hounds batting - Pitching for Crowley Cajuns : RHP Kane Hallworth
Batting: RHB Jesús Renderos 0-0: Called Strike
0-1: DOUBLE (Line Drive, 89XD, EV 106.9 MPH)
Batting: LHB Timothy Hayes 0-0: Foul Ball, location: 2F
0-1: Ball
Wild Pitch!
Jesús Renderos to third
1-1: Ball
2-1: SINGLE (Groundball, 4D, EV 111.2 MPH)
Jesús Renderos scores
Batting: RHB Ramiro Rivera 0-0: Called Strike
0-1: Foul Ball, location: 2F
0-2: Strikes out swinging
Batting: RHB Joe Barrientez 0-0: Called Strike
0-1: Fly out, F8 (Flyball, 89D, EV 109.4 MPH)
Batting: RHB Trent Davis 0-0: Fly out, F7 (Flyball, 7LM, EV 86.2 MPH)
Top of the 5th over - 1 run, 2 hits, 0 errors, 1 left on base; Hicksville 4 - Crowley 1
BOTTOM OF THE 5TH
Crowley Cajuns batting - Pitching for Hicksville Hounds : RHP Boryenka Pospehov
Batting: RHB Bill Palmer 0-0: Foul Ball, location: 2F
0-1: Ball
1-1: SINGLE (Groundball, 6D, EV 105.0 MPH)
Batting: SHB Eduardo Fernández 0-0: Called Strike
0-1: Foul Ball, location: 2F
0-2: Fielders Choice at 2nd, 6-4 (Groundball, 6S, EV 81.2 MPH)
Batting: RHB Pedro Ramos 0-0: Called Strike
0-1: Ball
Wild Pitch!
Eduardo Fernández to second
1-1: Called Strike
1-2: Strikes out swinging
Batting: RHB Júlio Muńóz 0-0: Ball
Wild Pitch!
Eduardo Fernández to third
1-0: Called Strike
1-1: SINGLE (Flyball, 7S, EV 87.5 MPH)
Eduardo Fernández scores
Batting: LHB Chad Proctor 0-0: Ball
1-0: Called Strike
1-1: Swinging Strike
1-2: Strikes out swinging
Bottom of the 5th over - 1 run, 2 hits, 0 errors, 1 left on base; Hicksville 4 - Crowley 2
TOP OF THE 6TH
Hicksville Hounds batting - Pitching for Crowley Cajuns : RHP Kane Hallworth
Now in LF: Albert Estrada
Batting: RHB Martín González 0-0: Called Strike
0-1: Ground out 6-3 (Groundball, 6, EV 81.2 MPH)
Batting: RHB Larry Thompson 0-0: Called Strike
0-1: Fly out, F8 (Flyball, 8LD, EV 73.1 MPH)
Batting: RHB Will Barr 0-0: Called Strike
0-1: Swinging Strike
0-2: Strikes out looking
Top of the 6th over - 0 runs, 0 hits, 0 errors, 0 left on base; Hicksville 4 - Crowley 2
BOTTOM OF THE 6TH
Crowley Cajuns batting - Pitching for Hicksville Hounds : RHP Boryenka Pospehov
Batting: RHB Noel Bourke 0-0: Foul Ball, location: 2F
0-1: Foul Ball, location: 2F
0-2: Strikes out swinging
Batting: LHB Kun Chieu 0-0: Called Strike
0-1: Ball
1-1: Foul Ball, location: 2F
1-2: Strikes out swinging
Batting: RHB Juan Jiménez 0-0: Foul Ball, location: 2F
0-1: Ground out 6-3 (Groundball, 6, EV 96.2 MPH)
Bottom of the 6th over - 0 runs, 0 hits, 0 errors, 0 left on base; Hicksville 4 - Crowley 2
TOP OF THE 7TH
Hicksville Hounds batting - Pitching for Crowley Cajuns : RHP Kane Hallworth
Batting: RHB Arturo Iglésias 0-0: Called Strike
0-1: Ball
1-1: Ball
2-1: Swinging Strike
2-2: Foul Ball, location: 2F
2-2: Ball
3-2: Fly out, F6 (Line Drive, 6, EV 74.4 MPH)
Batting: RHB Jesús Renderos 0-0: Foul Ball, location: 2F
0-1: Fly out, F8 (Line Drive, 8RD, EV 86.9 MPH)
Batting: LHB Timothy Hayes 0-0: Ball
1-0: Called Strike
1-1: Ball
2-1: Ball
3-1: Called Strike
3-2: Base on Balls
Pitching: RHP Albert González
Batting: RHB Ramiro Rivera 0-0: Called Strike
0-1: Ball
Wild Pitch!
Timothy Hayes to second
1-1: Ball
2-1: Ball
3-1: Base on Balls
Batting: RHB Joe Barrientez 0-0: Called Strike
0-1: Ball
1-1: Fly out, F7 (Line Drive, 7D, EV 92.5 MPH)
Top of the 7th over - 0 runs, 0 hits, 0 errors, 2 left on base; Hicksville 4 - Crowley 2
BOTTOM OF THE 7TH
Crowley Cajuns batting - Pitching for Hicksville Hounds : RHP Boryenka Pospehov
Batting: RHB Li-ren Ren 0-0: Called Strike
0-1: Ball
1-1: Fly out, F8 (Flyball, 8RD, EV 96.2 MPH)
Pitching: RHP Mike Hopkins
Batting: RHB Albert Estrada 0-0: Swinging Strike
0-1: Swinging Strike
0-2: Ball
1-2: Foul Ball, location: 2F
1-2: Ball
2-2: Ball
3-2: Strikes out swinging
Batting: SHB Eduardo Fernández 0-0: Called Strike
0-1: Foul Ball, location: 2F
0-2: Strikes out looking
Bottom of the 7th over - 0 runs, 0 hits, 0 errors, 0 left on base; Hicksville 4 - Crowley 2
TOP OF THE 8TH
Hicksville Hounds batting - Pitching for Crowley Cajuns : RHP Albert González
Batting: RHB Trent Davis 0-0: Ball
1-0: Ball
2-0: Fly out, F8 (Line Drive, 8RM, EV 96.9 MPH)
Batting: RHB Martín González 0-0: Called Strike
0-1: Foul Ball, location: 2F
0-2: Ball
1-2: Ball
2-2: Foul Ball, location: 2F
2-2: Strikes out swinging
Batting: RHB Larry Thompson 0-0: Called Strike
0-1: Ball
1-1: Foul Ball, location: 2F
1-2: Foul Ball, location: 2F
1-2: Foul Ball, location: 2F
1-2: Strikes out swinging
Top of the 8th over - 0 runs, 0 hits, 0 errors, 0 left on base; Hicksville 4 - Crowley 2
BOTTOM OF THE 8TH
Crowley Cajuns batting - Pitching for Hicksville Hounds : RHP Mike Hopkins
Batting: RHB Pedro Ramos 0-0: Called Strike
0-1: Called Strike
0-2: Ball
1-2: Strikes out swinging
Batting: RHB Júlio Muńóz 0-0: Ball
1-0: Foul Ball, location: 2F
1-1: Called Strike
1-2: Ball
2-2: Ball
3-2: Foul Ball, location: 2F
3-2: Foul Ball, location: 2F
3-2: SINGLE (Line Drive, 3L, EV 98.1 MPH)
Batting: LHB Chad Proctor 0-0: Swinging Strike
0-1: Ball
1-1: Swinging Strike
1-2: Strikes out swinging
Batting: RHB Noel Bourke 0-0: Swinging Strike
0-1: Foul Ball, location: 2F
0-2: Strikes out swinging
Bottom of the 8th over - 0 runs, 1 hit, 0 errors, 1 left on base; Hicksville 4 - Crowley 2
TOP OF THE 9TH
Hicksville Hounds batting - Pitching for Crowley Cajuns : RHP Albert González
Batting: RHB Will Barr 0-0: Ground out 6-3 (Groundball, 6, EV 103.1 MPH)
Batting: RHB Arturo Iglésias 0-0: Ground out 1-3 (Groundball, 34S, EV 73.8 MPH)
Batting: RHB Jesús Renderos 0-0: Ball
1-0: Ball
2-0: Swinging Strike
2-1: Called Strike
2-2: Strikes out swinging
Top of the 9th over - 0 runs, 0 hits, 0 errors, 0 left on base; Hicksville 4 - Crowley 2
BOTTOM OF THE 9TH
Crowley Cajuns batting - Pitching for Hicksville Hounds : RHP Mike Hopkins
Pitching: LHP Ricardo Hernández
Batting: LHB Kun Chieu 0-0: Ball
1-0: Ball
2-0: Swinging Strike
2-1: DOUBLE (Flyball, 78D, EV 105.6 MPH)
Batting: RHB Juan Jiménez 0-0: Foul Ball, location: 2F
0-1: Ball
1-1: Ball
2-1: Ball
3-1: Base on Balls
Batting: RHB Li-ren Ren 0-0: Bunted foul
0-1: Ball
1-1: Sac Bunt to 13S - play at third, runner safe!
Juan Jiménez to second
Pinch Hitting: RHB Allan Selkirk 0-0: Swinging Strike
0-1: Ball
1-1: Ball
2-1: Ball
3-1: SINGLE (Line Drive, 6MD, EV 95.0 MPH)
Kun Chieu scores
Juan Jiménez to third
Li-ren Ren to second
Runner from 3rd tries for Home, SAFE, throw by CF to home
Batting: SHB Eduardo Fernández 0-0: Foul Ball, location: 2F
0-1: Bunted foul
0-2: Ball
1-2: Strikes out looking
Batting: RHB Pedro Ramos 0-0: SINGLE (Groundball, 56, EV 101.9 MPH)
Li-ren Ren to third
Allan Selkirk to second
Runner from 3rd tries for Home, SAFE, throw by LF to home
Friday, March 26th, 2021 - OOTP Baseball 20.8 Build 74